 Dungeon Sprint DCSS version 0.27.1-35-g4d5d836560 (webtiles) character file.

Game seed: 13196909564526874370

24 rocky1 the Magician (level 3, -3/29 HPs)
             Began as a Djinni Fire Elementalist on Oct 16, 2022.
             Slain by a water elemental (8 damage)
             ... in the Dungeon (Sprint III: "The Ten Rune Challenge").
             The game lasted 00:01:40 (442 turns).

rocky1 the Magician (Djinni Fire Elementalist)       Turns: 442, Time: 00:01:41

Health: -3/29      AC:  2    Str:  7    XL:     3   Next: 15%
Gold:   18         EV: 12    Int: 17    God:
                   SH:  0    Dex: 13

rFire    + + .     SeeInvis .   (no weapon)
rCold    x . .     Faith    .   (no shield)
rNeg     . . .     Spirit   .   a - +0 robe
rPois    ∞         Reflect  .   (no helmet)
rElec    .         Harm     .   (no cloak)
rCorr    .         Rampage  .   (no gloves)
Will     .....     NoTele   +   (boots unavailable)
Stlth    ++........             (no amulet)
HPRegen  0.09/turn              (no ring)
MPRegen  0.00/turn              (no ring)

@: engulfed, flying, very slightly contaminated
A: sickness immunity, fire resistance 2, cold vulnerability 1, float, innate
caster, hp casting, extra vitality 1
a: no special abilities


You were in the Dungeon.
You visited 1 branch You collected 18 gold pieces.

Inventory:

Armour
 a - a +0 robe (worn)
Scrolls
 f - a scroll of blinking
 g - a scroll of holy word {unknown}
 h - a scroll of torment {unknown}
 i - 3 scrolls of identify
 j - a scroll of immolation {unknown}
Potions
 b - a potion of curing
 c - a potion of heal wounds
 d - a potion of haste
 e - a potion of berserk rage
 k - 5 potions of mutation


   Skills:
 + Level 2.8 Fighting
 - Level 2.2 Dodging
 - Level 1.6 Stealth
 * Level 4.3 Spellcasting


You couldn't memorise any spells.
You knew the following spells:

 Your Spells              Type           Power      Damage    Failure   Level
a - Foxfire               Conj/Fire      72%        2x1d7     2%          1
b - Conjure Flame         Conj/Fire      18%        6-21      8%          3
c - Inner Flame           Hex/Fire       18%        N/A       8%          3
d - Sticky Flame          Conj/Fire      18%        2d4       26%         4
e - Fireball              Conj/Fire      9%         3d6       58%         5
f - Sandblast             Erth           36%        2d10      2%          1
Your spell library was empty.

Dungeon Overview and Level Annotations

Branches:
Dungeon (1/1)

Altars:


Innate Abilities, Weirdness & Mutations

You are immune to sickness and miasma.
You are immune to poison.
Your flesh is very heat resistant. (rF++)
You are vulnerable to cold. (rC-)
You float through the air rather than walking.
You learn spells naturally, not from books.
Your magical power is your life essence.
You have superior vitality. (+4 HP)


Message History

Confirm with . or Enter, or press ? or * to list all spells.
You conjure some foxfire!
Casting: Foxfire (safe; 2% risk of failure)
Confirm with . or Enter, or press ? or * to list all spells.
You conjure some foxfire!
The foxfire hits the water elemental.
The water elemental is burned terribly!
The water elemental is lightly damaged.
The foxfire hits the water elemental but does no damage.
The water elemental is lightly damaged.
The foxfire hits the water elemental.
The water elemental is moderately damaged.
The foxfire hits the water elemental!
The water elemental is burned terribly!
The water elemental is heavily damaged.
Casting: Foxfire (safe; 2% risk of failure)
Confirm with . or Enter, or press ? or * to list all spells.
You conjure some foxfire!
The foxfire hits the water elemental.
The water elemental is burned terribly!
The water elemental is severely damaged.
The foxfire hits the water elemental but does no damage.
The water elemental is severely damaged.
The water elemental closely misses you.
Casting: Foxfire (safe; 2% risk of failure)
Confirm with . or Enter, or press ? or * to list all spells.
You miscast Foxfire.
You are very lightly contaminated with residual magic.
Nothing appears to happen.
The foxfire hits the water elemental.
The water elemental is burned terribly!
The water elemental is almost destroyed.
The foxfire hits the water elemental.
The water elemental is burned terribly!
The water elemental is almost destroyed.
The water elemental hits you!!
Ouch! That really hurt!
* * * LOW HITPOINT WARNING * * *
The water elemental engulfs you in water!
Casting: Foxfire (safe; 2% risk of failure)
Confirm with . or Enter, or press ? or * to list all spells.
You conjure some foxfire!
* * * LOW HITPOINT WARNING * * *
The water elemental hits you!
You die...

▓▓▓▓▓▓▓▓ ▓▓▓ <..#...####
##.# ...#......#####..#
..##.......#!!#..#
##.##.##...#..#..# #+#+#
##.##.###..##'#v.#......
#.####.##..###.v@E.⌠....
.###..##..####...#...###
#.†...##..###....# ⌠.#
###..##...##.....# .#
#..##....#......# #
#..###..##.#.....# #(.
#..#####....# ▓▓▓ ▓▓▓▓
▓▓▓▓▓▓


You could see a water elemental (ally target).

Vanquished Creatures
  A human (D)
  A phantom (D)
  An endoplasm (D)
  3 rats (D)
6 creatures vanquished.

Vanquished Creatures (others)
  36 foxfires (D)
  5 plants (D)
41 creatures vanquished.

Grand Total: 47 creatures vanquished

Notes
Turn   | Place    | Note
-------+----------+-------------------------------------------
     0 | D        | rocky1 the Djinni Fire Elementalist began the quest for the
                  | Orb.
     0 | D        | Reached XP level 1. HP: 15/15 MP: 0/0
   160 | D        | Reached skill level 3 in Spellcasting
   174 | D        | Reached skill level 1 in Fighting
   210 | D        | Reached skill level 4 in Spellcasting
   210 | D        | Reached XP level 2. HP: 9/24 MP: 0/0
   210 | D        | Reached XP level 3. HP: 11/29 MP: 0/0
   210 | D        | Learned a level 1 spell: Sandblast
   436 | D        | Noticed a water elemental
   442 | D        | Slain by a water elemental

Illustrated notes

Levels and vault maps discovered:
D:        dungeon_sprint_mu [sprint_mu_entry_cave, sprint_mu_temple_rooms,
          sprint_mu_d1_spiders, sprint_mu_d2_genie, sprint_mu_d3_branching,
          sprint_mu_orc_legion, sprint_mu_elf_gauntlet, sprint_mu_hive_nellie,
          sprint_mu_lair_fedhas, sprint_mu_vaults_butterflies,
          sprint_mu_slime_circle, sprint_mu_swamp_cave, sprint_mu_snake_twists,
          sprint_mu_blade_basic, sprint_mu_crypt_lich, sprint_mu_tomb_spiral,
          sprint_mu_vestibule_basic, sprint_mu_gehenna_hellfire,
          sprint_mu_dis_giant, sprint_mu_tartarus_statrot,
          sprint_mu_cocytus_islands, sprint_mu_zot1]

Skill      XL: |  1 |
---------------+----+-----
Spellcasting   | 4 |  4.3
Fighting       | 2 |  2.8
Dodging        | |  2.2
Stealth        | |  1.6

Action                   || total
-------------------------++-------
 Cast: Foxfire           ||    23
Armor: Robe              ||     1
Dodge: Dodged            ||     4
